 Dungeon Crawl Stone Soup version bcrawl-1.12.2 (webtiles) character file.

Game seed: 14930622391239257441

669 RedPan the Slasher (level 7, -1/40 HPs)
             Began as an Avariel Reaver on July 23, 2019.
             Was a Priest of Vehumet.
             Succumbed to a worker ant's poison
             ... on level 4 of the Dungeon.
             The game lasted 00:14:44 (5250 turns).

RedPan the Slasher (Avariel Reaver)                 Turns: 5250, Time: 00:14:44

Health: -1/40      AC:  8    Str:  9    XL:     7   Next: 58%
Magic:  9/13       EV: 14    Int: 20    God:    Vehumet [***...]
Gold:   91         SH:  1    Dex: 13    Spells: 10/12 levels left

rFire    . . .     SeeInvis .   a - +0 long sword
rCold    . . .     Gourm    .   (no shield)
rNeg     . . .     Faith    .   b - +1 steam dragon scales
rPois    .         Spirit   .   e - +0 helmet
rElec    .         Reflect  .   i - +0 cloak
rCorr    .         Harm     .   (no gloves)
MR       .....                  (no boots)
Stlth    +.........             (no amulet)
HPRegen  0.13/turn              (no ring)
MPRegen  0.13/turn              (no ring)

@: lethally poisoned (-1 -> -19), hasted, very quick
A: no striking features
a: Renounce Religion


You were on level 4 of the Dungeon.
You worshipped Vehumet.
Vehumet was most pleased with you.
You were not hungry.

You visited 1 branch of the dungeon, and saw 4 of its levels.
You also visited: Ossuary.

You collected 91 gold pieces.

Inventory:

Hand Weapons
 a - a +0 long sword (weapon)
Armour
 b - +1 steam dragon scales (worn)
 e - a +0 helmet (worn)
 i - a +0 cloak (worn)
Scrolls
 d - 2 scrolls of immolation
 h - 5 scrolls of identify
 k - 3 scrolls of remove curse
 n - a scroll of enchant armour
Potions
 g - 2 potions of flight
Comestibles
 f - 6 rations {!d}


   Skills:
 - Level 2.6 Fighting
 + Level 6.3 Long Blades
 - Level 5.0 Dodging
 - Level 3.0 Spellcasting
 + Level 5.3 Conjurations
 + Level 1.6 Ice Magic
 - Level 2.0 Poison Magic


You had 10 spell levels left.
You knew the following spells:

 Your Spells              Type           Power        Failure   Level  Hunger
a - Sting                 Conj/Pois      ###.         1%          1    None
b - Freeze                Ice            #.....       2%          1    None

Your spell library contained the following spells:

 Spells                   Type           Power        Failure   Level  Hunger
 Ignite Poison            Fire/Tmut/Pois #.......     9%          3    ###....
 Iskenderun's Battlesphe  Conj/Chrm      ##......     32%         5    ######.


Dungeon Overview and Level Annotations

Branches:
Dungeon (4/12)
 Temple: D:4-7

Altars:
Xom

Annotations:
D:3 Grinder


Message History

Confirm with . or Enter, or press ? or * to list all spells.
Aiming: Freeze (safe; 2% risk of failure)
Press: ? - help, Shift-Dir - straight line, f/p - worker ant
Aim: a worker ant (lightly wounded)
You freeze the worker ant.
The worker ant is moderately wounded.
* * * LOW HITPOINT WARNING * * *
You feel sick.
You kill the orc!
Vehumet accepts your kill. The worker ant bites you.
* * * LOW HITPOINT WARNING * * *
You are more poisoned.
The worker ant poisons you! The worker ant closely misses you.
Okay, then.
You aren't carrying any items that you can evoke.
Okay, then.
Unknown command.
You feel yourself speed up.
You die...

.... ###...######
#...## #...........
......# #.#........#
#....## #..........#
#...####..#.......#
#...
#.#..##...#.......#
#...
#.##......#.......#
...>.
#........#........#
.....##
##@....##..###.###
.......###a#..#...##
.#
.......8..o##...###
...........##.#..#
.....8)..8....##...
.......†.....## ...
###....8.....# ..
................
.####...........


You could see a worker ant and an orc.

Vanquished Creatures
  An ogre (D:3)
  2 orc priests
  6 orc wizards
  A worker ant (D:3)
  8 big kobold zombies (Ossuary)
  A mummy (Ossuary)
  5 adders
  2 oozes
  2 worms
  2 dart slugs
  8 leopard geckos
  12 orcs
  2 spectral bats (Ossuary)
  6 bats
  5 bat simulacra (Ossuary)
  2 giant cockroaches (D:2)
  A goblin (D:2)
  7 hobgoblins
  3 jackals (D:3)
  3 frilled lizards
  4 gnoll zombies (Ossuary)
  3 goblin simulacra (Ossuary)
  8 goblin zombies (Ossuary)
  5 hobgoblin zombies (Ossuary)
  5 kobolds
  4 kobold simulacra (Ossuary)
  3 kobold zombies (Ossuary)
  2 orc zombies (Ossuary)
  9 rats
  5 rat simulacra (Ossuary)
  3 spectral goblins (Ossuary)
  3 spectral kobolds (Ossuary)
  3 spectral rats (Ossuary)
136 creatures vanquished.

Notes
Turn   | Place    | Note
-------+----------+-------------------------------------------
     0 | D:1      | RedPan the Avariel Reaver began the quest for the Orb.
     0 | D:1      | Reached XP level 1. HP: 13/13 MP: 6/6
   184 | D:1      | Reached XP level 2. HP: 18/18 MP: 8/8
   738 | D:2      | Found a shimmering altar of Xom.
   738 | D:2      | Found a shimmering altar of Xom.
   738 | D:2      | Found a shimmering altar of Xom.
   738 | D:2      | Found a shimmering altar of Xom.
   767 | D:2      | Reached skill level 4 in Long Blades
   767 | D:2      | Reached XP level 3. HP: 13/22 MP: 9/9
   774 | D:2      | Reached XP level 4. HP: 17/27 MP: 10/10
   959 | D:2      | Reached * piety under Vehumet
   959 | D:2      | Offered knowledge of Sting by Vehumet.
  1094 | D:1      | Learned a level 1 spell: Sting
  1156 | D:2      | Reached skill level 1 in Conjurations
  1394 | D:1      | Reached skill level 1 in Poison Magic
  1394 | D:1      | Reached XP level 5. HP: 23/31 MP: 8/11
  1649 | D:2      | Reached skill level 5 in Long Blades
  2223 | D:2      | Reached XP level 6. HP: 13/36 MP: 6/12
  2764 | D:3      | Noticed Grinder
  3311 | D:3      | Paralysed by Grinder for 3 turns
  3325 | D:3      | HP: 1/36 [Grinder/nerve-wracking pain (14)]
  3907 | D:3      | Reached skill level 5 in Dodging
  4092 | D:3      | Reached XP level 7. HP: 31/40 MP: 13/13
  4354 | D:4      | Found a sand-covered staircase.
  4376 | Ossuary  | Entered an ossuary
  4406 | Ossuary  | Reached ** piety under Vehumet
  4432 | Ossuary  | Offered knowledge of Freeze by Vehumet.
  4446 | Ossuary  | Learned a level 1 spell: Freeze
  4474 | Ossuary  | Reached skill level 6 in Long Blades
  4554 | Ossuary  | Offered knowledge of Ignite Poison by Vehumet.
  4798 | Ossuary  | Reached *** piety under Vehumet
  4798 | Ossuary  | Reached skill level 1 in Ice Magic
  4824 | Ossuary  | Reached skill level 5 in Conjurations
  5249 | D:4      | HP: 2/40 [poisoned by a worker ant]
  5250 | D:4      | Succumbed to a worker ant's poison

Skill      XL: |  1  2  3  4  5  6  7 |
---------------+----------------------+-----
Spellcasting   | 3 |  3.0
Long Blades    | 4 5 6 |  6.3
Dodging        | 4 5 |  5.0
Conjurations   | 1 2 4 5 |  5.3
Poison Magic   | 1 2 |  2.0
Ice Magic      | 1 |  1.6
Fighting       | |  2.6

Action                   |  1- 3 |  4- 6 |  7- 9 || total
-------------------------+-------+-------+-------++-------
Melee: Long sword        |    61 |   130 |   303 ||   494
 Cast: Sting             |       |   115 |     7 ||   122
       Freeze            |       |       |     1 ||     1
  Use: Scroll            |     3 |     2 |     3 ||     8
       Potion            |       |     3 |     1 ||     4
 Stab: Sleeping          |     1 |       |     2 ||     3
  Eat: Chunk             |       |    10 |     1 ||    11
       Ration            |       |       |     1 ||     1
Armor: Steam dragon scal |    22 |    66 |    83 ||   171
Dodge: Dodged            |    37 |   149 |   153 ||   339
Block: Other             |       |     3 |     9 ||    12
